AoeStats
← in3rt!a

Arena

504644130Analyzed
2v2 RM · 2mo ago on Sep 6, 2026· 50m 28s· 4 players
Game mode
Random Map
Map size
Medium (4 player)
Population
200
Speed
Normal
Resources
Standard
Victory
Conquest
Starting age
Dark Age
Ending age
Imperial Age
RankedLock teamsTeams togetherTeam positionsShared explorationLock speedFull tech treeHidden civsTurbo modeCheats
Victory
Defeat
🇺🇸 Teutons · United States
983
+15
🇻🇳 Vietnamese · Vietnam
939
+16
vs
🇺🇸 Japanese · United States
952
-16
🇺🇸 Spanish · United States
949
-15
LedgenP
10:31 Feudal Age
15:56 Castle Age
14:42 Double-Bit Axe
22:44 Horse Collar
26:34 Wheelbarrow
29:19 Heavy Plow
31:21 Padded Archer Armor
31:11 Fletching
31:05 Elite Skirmisher
34:30 Leather Archer Armor
34:10 Bodkin Arrow
34:48 Bodkin Arrow
40:11 Imperial Age
37:57 Bow Saw
37:44 Gold Mining
37:44 Stone Mining
38:18 Scale Mail Armor
38:28 Forging
39:40 Chain Mail Armor
40:30 Elite Teutonic Knight
41:33 Conscription
41:54 Ring Archer Armor
42:04 Plate Mail Armor
42:10 Iron Casting
42:31 Hand Cart
45:16 Two-Man Saw
48:08 Imperial Skirmisher
49:55 Blast Furnace
Katorj
2:34 Loom
12:31 Feudal Age
13:00 Double-Bit Axe
18:45 Castle Age
16:42 Stone Mining
17:18 Horse Collar
21:51 Bow Saw
23:09 Fletching
23:19 Padded Archer Armor
26:17 Wheelbarrow
27:51 Heavy Plow
33:08 Imperial Age
31:26 Bloodlines
31:45 Gold Mining
31:49 Pikeman
32:34 Padded Archer Armor
33:35 Hand Cart
33:45 Town Watch
33:58 Light Cavalry
34:40 Husbandry
35:24 Scale Barding Armor
35:15 Bodkin Arrow
36:50 Two-Man Saw
37:25 Chemistry
38:00 Town Patrol
38:23 Thumb Ring
39:16 Bracer
40:35 Elite Skirmisher
42:56 Leather Archer Armor
43:02 Chain Barding Armor
42:41 Imperial Skirmisher
44:22 Cavalier
47:27 Crop Rotation
48:08 Ballistics
47:30 Treadmill Crane
in3rt!a
6:27 Loom
9:07 Feudal Age
16:48 Castle Age
17:51 Squires
19:58 Scale Mail Armor
19:46 Arson
26:05 Horse Collar
29:40 Wheelbarrow
30:14 Forging
30:39 Double-Bit Axe
34:16 Imperial Age
32:33 Chain Mail Armor
32:37 Stone Mining
32:41 Gold Mining
33:25 Pikeman
34:31 Heavy Plow
34:31 Halberdier
37:15 Elite Samurai
39:42 Murder Holes
40:03 Fletching
40:15 Padded Archer Armor
40:40 Gambesons
41:30 Plate Mail Armor
41:20 Bow Saw
41:50 Iron Casting
40:58 Elite Skirmisher
42:03 Thumb Ring
44:19 Conscription
48:21 Blast Furnace
47:19 Bodkin Arrow
yeah_dkb
11:08 Loom
13:08 Feudal Age
18:22 Castle Age
23:31 Double-Bit Axe
27:17 Ballistics
30:34 Wheelbarrow
32:47 Imperial Age
31:10 Bow Saw
36:23 Fletching
36:34 Padded Archer Armor
37:38 Chemistry
37:28 Pikeman
38:09 Squires
37:54 Arson
39:09 Murder Holes
38:50 Halberdier
39:49 Elite Conquistador
41:29 Capped Ram
43:22 Leather Archer Armor
46:03 Bodkin Arrow
48:41 Cavalier
49:22 Husbandry
50:54 Bloodlines
Connection lost

Rejoining the realm…

Still unreachable

The connection could not be restored.

Session expired

The server has moved on; the page needs a fresh start.